 Dungeon Crawl Stone Soup version 0.20-a0-1124-g2e29d97 (webtiles) character file.

114 anfisbena the Ruffian (level 4, 0/44 HPs)
             Began as a Troll Fighter on May 15, 2017.
             Slain by Crazy Yiuf
             ... wielding a +3 quarterstaff of chaos
              (7 damage)
             ... on level 2 of the Dungeon.
             The game lasted 00:01:52 (1348 turns).

anfisbena the Ruffian (Troll Fighter)               Turns: 1348, Time: 00:01:53

Health: 0/44       AC:  5    Str: 24    XL:     4   Next: 67%
Magic:  3/3        EV:  7    Int:  4    God:
Gold:   125        SH:  8    Dex:  2    Spells: 3/3 levels left

rFire    . . .     SeeInvis .     - Unarmed
rCold    . . .     Gourm    +   b - +0 shield
rNeg     . . .     Faith    .   a - +0 robe
rPois    .         Spirit   .   (helmet restricted)
rElec    .         Reflect  .   (no cloak)
rCorr    .         Harm     .   (gloves unavailable)
MR       .....                  (boots unavailable)
Stlth    +.........             (no amulet)
Regen    0.6/turn               j - -2 ring of dexterity (curse)
MPRegen  0.1/turn               e - -6 ring of dexterity (curse)

@: lethally poisoned (0 -> -1), drained
A: unfitting armour, claws 3, fast metabolism 3, gourmand, regeneration 1,
shaggy fur 1, tough skin 2
a: no special abilities


You were on level 2 of the Dungeon.
You were completely stuffed.

You visited 1 branch of the dungeon, and saw 2 of its levels.

You collected 125 gold pieces.

Inventory:

Armour
 a - a +0 robe (worn)
 b - a +0 shield (worn)
Jewellery
 e - a cursed -6 ring of dexterity (right claw)
 j - a cursed -2 ring of dexterity (left claw)
Scrolls
 l - a scroll of teleportation
Potions
 c - a potion of might
 i - a potion of lignification {unknown}
 n - a potion of curing
Comestibles
 d - 4 bread rations
 f - 4 chunks of flesh
 g - a royal jelly
 h - a meat ration


   Skills:
 + Level 2.7(2.4) Fighting
 + Level 3.0(2.7) Dodging
 + Level 2.7(2.4) Shields
 * Level 3.8(3.4) Unarmed Combat


You had 3 spell levels left.
You didn't know any spells.

Dungeon Overview and Level Annotations

Branches:
Dungeon (2/15)

Altars:

Annotations:
D:2 Crazy Yiuf


Innate Abilities, Weirdness & Mutations

You are too large for most types of armour.
You have claws for hands.
Your metabolism is lightning-fast.
You like to eat raw meat.
Your natural rate of healing is unusually fast.
You are covered in fur. (AC +1)
You have very tough skin. (AC +2)


Message History

You feel sick.
Crazy Yiuf sings, "Trees, trees, trees, circus!"
You block Crazy Yiuf's attack.
You closely miss Crazy Yiuf.
Crazy Yiuf is lightly wounded.
Crazy Yiuf hits you with a quarterstaff of chaos!
* * * LOW HITPOINT WARNING * * *
You feel drained.
* * * LOW HITPOINT WARNING * * *
You closely miss Crazy Yiuf.
Crazy Yiuf is lightly wounded.
You feel sick.
Crazy Yiuf hits you with a quarterstaff of chaos!
* * * LOW HITPOINT WARNING * * *
Crazy Yiuf freezes you.
* * * LOW HITPOINT WARNING * * *
You barely miss Crazy Yiuf.
Crazy Yiuf is lightly wounded.
Crazy Yiuf hits you with a quarterstaff of chaos!
You die...

##### #)..#
### #...#
#.## #.g.#
#..#### #@#
#...<.######
♣.♣♣
#...........
####### ♣♣.♣
#.###.###(##
#.....# ♣.♣♣
#####.###.##
#.##### ♣♣.♣
##...##...
#.# ♣♣.♣♣
###.........
#.# ♣♣...♣
#.#....##.#.
##.## ♣....♣
#......<....
#...####
#+..+#
#...........


You could see Crazy Yiuf.

Vanquished Creatures
  Jessica (D:2)
  3 gnolls (D:2)
  An adder (D:2)
  A leopard gecko (D:1)
  4 bats
  3 giant cockroaches
  7 goblins
  5 hobgoblins
  6 jackals
  2 frilled lizards
  8 kobolds (D:1)
  8 rats
49 creatures vanquished.

Notes
Turn   | Place    | Note
-------+----------+-------------------------------------------
     0 | D:1      | anfisbena the Troll Fighter began the quest for the Orb.
     0 | D:1      | Reached XP level 1. HP: 22/22 MP: 0/0
    34 | D:1      | Reached XP level 2. HP: 29/29 MP: 1/1
   386 | D:1      | Reached XP level 3. HP: 36/36 MP: 2/2
   854 | D:2      | Noticed Jessica
   860 | D:2      | Reached XP level 4. HP: 36/44 MP: 3/3
   878 | D:2      | Killed Jessica
  1004 | D:2      | Found a runed door.
  1337 | D:2      | Noticed Crazy Yiuf
  1348 | D:2      | Slain by Crazy Yiuf

Vault maps used:
D:1:      noname_arrival_rooms_in_the_neighbourhood, serial_bayou_pond_d,
          minmay_misc_feat_iff, fountainhead
D:2:      first_bread, uniq_jessica, uniq_crazy_yiuf_cottage

Skill      XL: |  1  2  3  4 |
---------------+-------------+-----
Unarmed Combat | 3 |  3.8
Dodging        | 3 |  3.0
Fighting       | |  2.7
Shields        | |  2.7

Action                   |  1- 3 |  4- 6 || total
-------------------------+-------+-------++-------
Melee: Unarmed           |    96 |    52 ||   148
  Use: Scroll            |       |     5 ||     5
       Potion            |       |     1 ||     1
  Eat: Chunk             |    13 |     5 ||    18
Armor: Robe              |    22 |    22 ||    44
Dodge: Dodged            |    33 |    20 ||    53
Block: Shield            |    45 |    21 ||    66
